 Dungeon Crawl Stone Soup version 0.32-a0-42-ga30500b4d3 (webtiles) character file.

Game seed: 13314423586276882113

46 Newt the Trooper (level 3, -1/24 HPs)
             Began as a Gargoyle Fighter on Jan 31, 2024.
             Slain by Natasha (5 damage)
             ... on level 2 of the Dungeon.
             The game lasted 00:01:09 (1533 turns).

Newt the Trooper (Gargoyle Fighter)                 Turns: 1533, Time: 00:01:09

Health: -1/24      AC: 10    Str: 21    XL:     3   Next: 68%
Magic:  3/3        EV:  9    Int:  8    God:
Gold:   83         SH:  4    Dex:  9    Spells: 2/2 levels left

rFire   . . .        a - +0 flail
rCold   . . .        c - +0 buckler
rNeg    + . .        b - +0 scale mail
rPois   ∞            (no helmet)
rElec   +            (no cloak)
rCorr   .            (no gloves)
SInv    .            (no boots)
Will    .....        (no amulet) Stlth
                     (no ring)
HPRegen 0.24/turn    (no ring)
MPRegen 0.08/turn

%: no passive effects
@: slowed, very slow
A: sickness immunity, AC +3, negative energy resistance 1, electricity
resistance, torment resistance 1, petrification resistance
a: no special abilities


You were on level 2 of the Dungeon.
You visited 1 branch of the dungeon, and saw 2 of its levels.

You collected 83 gold pieces.

Inventory:

Hand Weapons
 a - a +0 flail (weapon)
Armour
 b - a +0 scale mail (worn)
 c - a +0 buckler (worn)
Potions
 d - a potion of might
 e - a potion of cancellation
 g - a potion of curing {unknown}


   Skills:
 + Level 4.0 Fighting
 * Level 3.3 Maces & Flails
 - Level 3.2 Armour
 - Level 3.2 Shields


You had 2 spell levels left.
You didn't know any spells.
Your spell library contained the following spells:

 Spells                   Type           Power      Damage    Failure   Level
 Sculpt Simulacrum        Ice/Alch       0%         N/A       100%        6
 Ozocubu's Refrigeration  Ice            0%         4d7       100%        7
 Polar Vortex             Ice            0%         N/A       100%        9


Dungeon Overview and Level Annotations

Branches:
Dungeon (2/15)

Altars:

Annotations:
D:2 Natasha, Robin


Innate Abilities, Weirdness & Mutations

You are immune to sickness and miasma.
Your stone body is resilient. (AC +3)
You are immune to poison.
You resist negative energy. (rN+)
You are resistant to electric shocks. (rElec)
You are resistant to unholy torment.
You are immune to petrification.


Message History

The cerulean imp closely misses you.
A goblin comes into view. It is wielding a +0 club.
The goblin shouts!
You hear a shout! x2
Natasha stares at you and mumbles some strange words.
The magic dart hits you!
A goblin comes into view. It is wielding a +0 club.
The ball python hisses angrily.
You block the bat's attack.
A hobgoblin comes into view.
The dart slug launches a dart at you. You block the slug dart.
The hobgoblin shouts!
You hear a shout! x2
The bat attacks as it pursues you! The bat barely misses you.
The bat hits you but does no damage. Natasha attacks as she pursues you!
Natasha claws you but does no damage. The dart slug launches a dart at you.
The slug dart hits you.
* * * LOW HITPOINT WARNING * * *
A goblin comes into view. It is wielding a +0 dagger.
A hobgoblin comes into view.
Robin of the Strong Arm comes into view.
They are wielding a +0 whip.
Natasha mumbles some strange words.
You hear a shout! x2
Unknown command.
A goblin comes into view. It is wielding a +0 club.
The goblin shouts!
The bat hits you but does no damage.
The cerulean imp hits you but does no damage.
There is a stone staircase leading down, spattered with blood here.
You see here an adder corpse.
Unknown command.
Unknown command.
The bat hits you but does no damage.
The cerulean imp hits you but does no damage.
Natasha claws you but does no damage.
The cerulean imp hits you with a +0 spear.
* * * LOW HITPOINT WARNING * * *
The bat closely misses you. Natasha claws you.
You die...
Natasha curls up and begins to purr.

...###........###.#..>
..#..#...............
.
...##.............#...
....................#.
.....gg.............#
.......gg........####
.......gg..#....##
...#..#.g.##..###
.#.#..gwb@##.##
........h5...#
.#..#.#5####.# #.
#..S.# .# ##.##.#5#
#.......# #......†..#
#......S.##
...........


You could see Robin, Natasha, 2 cerulean imps, a dart slug, 2 hobgoblins, 5
goblins, a bat and a ball python.

Vanquished Creatures
  An adder (D:2)
  5 endoplasms (D:1)
  A giant cockroach (D:1)
  2 goblins (D:1)
  3 hobgoblins (D:1)
  4 jackals (D:1)
  6 kobolds (D:1)
  2 quokkas (D:1)
  4 ball pythons (D:1)
  A bat (D:1)
  3 frilled lizards
  4 rats (D:1)
36 creatures vanquished.

Notes
Turn   | Place    | Note
-------+----------+-------------------------------------------
     0 | D:1      | Newt the Gargoyle Fighter began the quest for the Orb.
     0 | D:1      | Reached XP level 1. HP: 14/14 MP: 1/1
   259 | D:1      | Reached XP level 2. HP: 18/19 MP: 2/2
   624 | D:1      | Reached XP level 3. HP: 24/24 MP: 3/3
  1510 | D:2      | Reached skill level 4 in Fighting
  1523 | D:2      | Noticed Natasha
  1531 | D:2      | Noticed Robin
  1533 | D:2      | Slain by Natasha

Illustrated notes

Levels and vault maps discovered:
D:1:      giann_wishing_wells, layout_basic, serial_co_window_serial,
          co_window_of_opportunity_a, co_window_of_opportunity_a,
          co_window_corner_a, co_window_paths_a, co_window_corner_a,
          co_window_2corner, co_window_2corner, co_window_broadway_a,
          co_window_broadway_c, co_window_4corner_a, co_window_paths_e,
          glass_columns_b, glass_columns_a, glass_columns_c
D:2:      minmay_evil_eye, layout_rooms, basic_altar, uniq_natasha, uniq_robin,
          uniq_crazy_yiuf_cottage

Skill      XL: |  1  2  3 |
---------------+----------+-----
Maces & Flails | 3 |  3.3
Fighting       | 4 |  4.0
Armour         | |  3.2
Shields        | |  3.2

Action                     || total
---------------------------++-------
  Melee: Flail             ||   129
    Use: Scroll            ||     3
 Armour: Scale mail        ||    99
  Dodge: Dodged            ||    71
  Block: Buckler           ||    32

Table legend: (Time is in decaauts)
 A = Elapsed time spent in this place.
 B = Non-inter-level travel time spent in this place.
 C = Inter-level travel time spent in this place.
 D = Time resting spent in this place.
 E = Time spent auto-exploring this place.
 F = Levels seen in this place.
 G = Mean time per level.
                   A        B        C        D        E       F      G
               +--------+--------+--------+--------+--------+-----+--------+
         Total |   1573 |   1516 |     57 |      0 |   1218 |   2 |  786.5 |
       Dungeon |   1573 |   1516 |     57 |      0 |   1218 |   2 |  786.5 |
               +--------+--------+--------+--------+--------+-----+--------+

Top non-repeatable levels by time:
     D:1: 1525 daAuts
     D:2: 47 daAuts
